 Dungeon Crawl Stone Soup version 0.27-a0-861-g9529aa9bf3 (webtiles) character file.

Game seed: 14661235766184517200

6636 Aggronaut the Cleaver (level 10, -3/77 HPs)
             Began as a Minotaur Fighter on Apr 2, 2021.
             Was a High Priest of Dithmenos.
             Slain by a hornet (10 damage)
             ... on level 9 of the Dungeon.
             The game lasted 00:23:02 (11268 turns).

Aggronaut the Cleaver (Minotaur Fighter)           Turns: 11268, Time: 00:23:04

Health: -3/77      AC: 12    Str: 21    XL:     10   Next: 72%
Magic:  18/18      EV: 10    Int:  5    God:    Dithmenos [*****.]
Gold:   555        SH: 14    Dex: 18    Spells: 9/9 levels left

rFire    . . .     SeeInvis .   x - +8 war axe of Salt {chaos, MP+9 Dex+5}
rCold    . . .     Faith    .   c - +0 kite shield
rNeg     . . .     Spirit   .   J - +1 acid dragon scales
rPois    .         Reflect  .   l - +2 hat
rElec    .         Harm     .   (no cloak)
rCorr    +         Rampage  .   H - +1 pair of gloves
Will     .....                  (no boots)
Stlth    ++........             (no amulet)
HPRegen  0.22/turn              (no ring)
MPRegen  0.16/turn              (no ring)

@: lethally poisoned (-3 -> -15), slowed, wreathed by umbra, very slow
A: horns 2, retaliatory headbutt
a: Renounce Religion, Shadow Step, Shadow Form


You were on level 9 of the Dungeon.
You worshipped Dithmenos.
Dithmenos was extremely pleased with you.
You visited 1 branch of the dungeon, and saw 9 of its levels.
You also visited: Sewer and Ossuary.

You collected 1382 gold pieces.
You spent 827 gold pieces at shops.

Inventory:

Hand Weapons
 a - a +0 war axe
 i - a +0 broad axe
 x - the +8 war axe of Salt (weapon) {chaos, MP+9 Dex+5}
   (You bought it in a shop on level 6 of the Dungeon)

   Each time it hits an enemy it has a different, random effect.
   It affects your dexterity (+5).
   It affects your magic capacity (+9).
 F - a +2 war axe of freezing
 G - a +5 battleaxe
Missiles
 y - 47 poisoned darts (quivered)
Armour
 c - a +0 kite shield (worn)
 l - a +2 hat (worn)
 A - the +1 ring mail of Objectivity {Rampage}
   (You found it on level 4 of the Dungeon)

   It bestows one free step when moving towards enemies.
 H - a +1 pair of gloves (worn)
 J - +1 acid dragon scales (worn)
Jewellery
 b - an amulet of magic regeneration
 z - an amulet of faith
 D - a ring of magical power
Wands
 m - a wand of flame (48)
 p - a wand of random effects (31)
 q - a wand of polymorph (9)
 C - a wand of mindburst (25)
 I - a wand of paralysis (3)
Scrolls
 e - 4 scrolls of blinking {unknown}
 f - 2 scrolls of immolation {unknown}
 h - 2 scrolls of brand weapon {unknown}
 j - a scroll of torment {unknown}
 k - a scroll of fog {unknown}
 n - a scroll of enchant armour {unknown}
 o - 6 scrolls of silence
 r - a scroll of teleportation
 v - a scroll of fear
 E - 2 scrolls of amnesia {unknown}
 N - a scroll of enchant weapon {unknown}
Potions
 d - 2 potions of might
 g - 4 potions of curing
 s - 3 potions of haste
 t - a potion of magic
 u - a potion of invisibility
 w - 2 potions of mutation
 B - a potion of brilliance
 M - a potion of flight {unknown}


   Skills:
 - Level 3.6 Fighting
 + Level 13.6 Axes
 - Level 3.6 Armour
 + Level 13.6 Shields


You had 9 spell levels left.
You didn't know any spells.
Your spell library contained the following spells:

 Spells                   Type           Power      Damage    Failure   Level
 Magic Dart               Conj           0%         1d3       63%         1
 Summon Small Mammal      Summ           0%         N/A       63%         1
 Blink                    Tloc           N/A        N/A       77%         2
 Call Imp                 Summ           0%         N/A       77%         2
 Slow                     Hex            0%         N/A       77%         2
 Call Canine Familiar     Summ           0%         N/A       94%         3
 Confusing Touch          Hex            0%         N/A       94%         3
 Conjure Flame            Conj/Fire      0%         6-21      94%         3
 Gell's Gravitas          Tloc           0%         N/A       94%         3
 Mephitic Cloud           Conj/Pois/Air  0%         N/A       94%         3
 Summon Guardian Golem    Hex/Summ       0%         N/A       94%         3
 Petrify                  Tmut/Erth      0%         N/A       100%        4
 Summon Ice Beast         Ice/Summ       0%         N/A       100%        4
 Summon Lightning Spire   Summ/Air       0%         N/A       100%        4
 Metabolic Englaciation   Hex/Ice        0%         N/A       100%        5
 Yara's Violent Unravell  Hex/Tmut       0%         3d3       100%        5


Dungeon Overview and Level Annotations

Branches:
Dungeon (9/15)             Temple (0/1) D:6           Sewer (visited)
Ossuary (visited)
   Lair: D:8-11         Orc: D:9-12

Altars:
Ashenzari
Cheibriados
Dithmenos
Elyvilon
Fedhas
Hepliaklqana
Kikubaaqudgha
Nemelex Xobeh
Okawaru
Ru
Uskayaw
Xom
Zin
The Shining One

Shops:
D:6 *   D:8 [


Innate Abilities, Weirdness & Mutations

You have a pair of horns on your head.
You reflexively headbutt those who attack you in melee.


Message History

You feel much better.
* * * LOW HITPOINT WARNING * * *
You feel extremely sick. The hornet closely misses you.
You furiously retaliate!
You headbutt the hornet!
You feel much better.
You feel very sick. The hornet barely misses you. You furiously retaliate!
You headbutt the hornet. The hornet closely misses you.
You furiously retaliate!
You headbutt the hornet! The hornet barely misses you. You furiously retaliate!
You headbutt the hornet! The hornet stings you.
You feel as though you will be slow longer.
A kobold comes into view. It is wielding a +0 short sword.
You feel better. You block the hornet's attack. The hornet stings you.
You are poisoned.
You suddenly lose the ability to move!
The hornet completely misses you.
The hornet stings you but does no damage.
The hornet stings you.
You feel as though you will be slow longer.
The hornet stings you but does no damage.
A kobold comes into view. It is wielding a +0 short sword.
You feel sick. The hornet stings you!
* * * LOW HITPOINT WARNING * * *
You are more poisoned.
You shrug off the repeated paralysis!
The hornet stings you but does no damage.
You can move again.
The kobold shouts!
You hit the hornet. Your headbutt misses the hornet.
The hornet is severely wounded.
You hit the hornet. Lightning courses through the hornet!
You kill the hornet!
Dithmenos accepts your kill.
* * * LOW HITPOINT WARNING * * *
You feel very sick. The hornet stings you!
* * * LOW HITPOINT WARNING * * *
You feel as though you will be slow longer.
The hornet stings you!
You die...

.....#..........................T
..##.##.......#####.....≈≈≈......
..#...........# ......K≈≈≈≈≈##...
..#...+..._...+ +...K≈≈.≈≈_#...
..#...#.......#. #....≈≈≈≈†##...
..##.##........####.....≈≈≈......
...............#.............[...
.....#⌠..#+...⌠#†y...............
.....####...#.##@#...............
........#...#.†[.#...............
........#...#..###...............
.........####....................
.....##..........................
.....###.........................
.....###.................
......................
......................


You could see a hornet and 2 kobolds.

Vanquished Creatures
  An ugly thing (D:9)
  Maggie (D:8)
  A troll (D:9)
  Prince Ribbit (D:6)
  A hornet (D:9)
  4 yaks (D:9)
  Grum (D:9)
  2 steam dragons
  3 water moccasins
  Duvessa (D:5)
  2 ice beasts
  3 orc warriors
  2 sky beasts (D:6)
  2 ogres (D:5)
  4 wolves (D:9)
  A centaur (D:6)
  A gnoll sergeant (D:6)
  2 bullfrogs (D:8)
  Dowan (D:5)
  5 scorpions
  A wyvern skeleton (D:5)
  19 killer bees
  7 wights (D:7)
  3 howler monkeys (D:8)
  2 centaur zombies
  6 hounds
  A jelly (D:6)
  2 orc priests
  Jessica (D:2)
  3 iguanas
  Natasha (thrice) (D:2)
  Terence (D:2)
  7 orc wizards
  A killer bee zombie (D:8)
  A hound skeleton (D:4)
  8 mummies (Ossuary)
  Robin (D:2)
  6 gnolls
  A river rat (D:3)
  8 adders
  A shadow imp (D:6)
  A white imp (D:6)
  An ufetubus (D:4)
  2 worms
  11 dart slugs
  18 orcs
  3 bats
  7 endoplasms
  7 giant cockroaches
  A gnoll zombie (Ossuary)
  15 goblins
  8 hobgoblins
  17 jackals
  10 kobolds
  6 quokkas
  3 ball pythons
  15 frilled lizards
  A hobgoblin zombie (Ossuary)
  3 kobold zombies (Ossuary)
  3 orc zombies (Ossuary)
  7 rats
261 creatures vanquished.

Vanquished Creatures (others)
  4 plants
4 creatures vanquished.

Grand Total: 265 creatures vanquished

Notes
Turn   | Place    | Note
-------+----------+-------------------------------------------
     0 | D:1      | Aggronaut the Minotaur Fighter began the quest for the Orb.
     0 | D:1      | Reached XP level 1. HP: 19/19 MP: 0/0
   223 | D:1      | Reached XP level 2. HP: 21/26 MP: 1/1
   752 | D:1      | Found a faded altar of an unknown god.
   764 | D:1      | Became a worshipper of Dithmenos the Shadowed
   764 | D:1      | Reached * piety under Dithmenos
  1025 | D:2      | Reached XP level 3. HP: 31/31 MP: 2/2
  1101 | D:2      | Noticed Robin
  1109 | D:2      | Killed Robin
  1301 | D:2      | Noticed Jessica
  1304 | D:2      | Killed Jessica
  1305 | D:2      | Reached XP level 4. HP: 23/39 MP: 3/3
  1451 | D:2      | Reached skill level 5 in Axes
  1779 | D:2      | Noticed Natasha
  1779 | D:2      | Noticed Terence
  1784 | D:2      | Killed Natasha
  1785 | D:2      | Reached skill level 5 in Shields
  1785 | D:2      | Reached XP level 5. HP: 45/45 MP: 4/4
  1788 | D:2      | Killed Terence
  1945 | D:2      | Reached ** piety under Dithmenos
  1945 | D:2      | Noticed Natasha
  1954 | D:2      | Killed Natasha
  2135 | D:2      | Noticed Natasha
  2142 | D:2      | Killed Natasha
  2435 | D:3      | Reached XP level 6. HP: 51/51 MP: 5/5
  2495 | D:3      | Noticed a water moccasin
  2501 | D:3      | Killed a water moccasin
  2596 | D:3      | Found a blossoming altar of Fedhas.
  2644 | D:3      | Found a glowing golden altar of the Shining One.
  2789 | D:3      | Found an iron altar of Okawaru.
  2869 | D:3      | Found a glowing drain.
  2873 | Sewer    | Entered a sewer
  2929 | Sewer    | Noticed a water moccasin
  2938 | Sewer    | Killed a water moccasin
  2939 | Sewer    | Reached XP level 7. HP: 51/57 MP: 6/6
  3102 | D:3      | Found a shimmering altar of Xom.
  3198 | D:4      | Identified the +1 ring mail of Objectivity {Rampage}
  3557 | D:4      | Reached *** piety under Dithmenos
  4587 | D:5      | Entered Level 5 of the Dungeon
  5120 | D:5      | Found a glowing silver altar of Zin.
  5179 | D:5      | Reached XP level 8. HP: 39/64 MP: 7/7
  5406 | D:5      | Noticed Duvessa
  5412 | D:5      | Noticed Dowan
  5482 | D:5      | Killed Duvessa
  5489 | D:5      | Killed Dowan
  5871 | D:5      | Found a hazy altar of Hepliaklqana.
  5872 | D:5      | Found an ancient bone altar of Kikubaaqudgha.
  6272 | D:6      | Found a staircase to the Ecumenical Temple.
  6285 | D:6      | Reached skill level 10 in Axes
  6285 | D:6      | Reached skill level 10 in Shields
  6518 | D:6      | Reached XP level 9. HP: 11/70 MP: 8/8
  7217 | D:6      | Reached **** piety under Dithmenos
  7341 | D:6      | Found Eshamy's General Store.
  7647 | D:6      | Noticed Prince Ribbit
  7651 | D:6      | Killed Prince Ribbit
  7736 | D:6      | Found a hide-covered altar of Uskayaw.
  9165 | D:8      | Found a sparkling altar of Nemelex Xobeh.
  9196 | D:8      | Found a sand-covered staircase.
  9200 | D:8      | Noticed Maggie
  9221 | D:8      | Paralysed by Maggie for 2 turns
  9226 | D:8      | Killed Maggie
  9275 | Ossuary  | Entered an ossuary
  9314 | Ossuary  | Reached XP level 10. HP: 76/77 MP: 9/9
  9315 | Ossuary  | Reached ***** piety under Dithmenos
  9448 | Ossuary  | Identified a scroll of acquirement
  9451 | Ossuary  | Acquired 667 gold pieces
  9591 | D:6      | Bought the +8 war axe of Salt {chaos, MP+9 Dex+5} for 827
                  | gold pieces
 10012 | D:8      | Found a sacrificial altar of Ru.
 10080 | D:8      | Found Tieth's Armour Shoppe.
 10637 | D:9      | Found a broken altar of Ashenzari.
 10658 | D:9      | Found a white marble altar of Elyvilon.
 10702 | D:9      | Noticed a red ugly thing
 10718 | D:9      | Killed a red ugly thing
 10958 | D:9      | Noticed Grum
 10967 | D:9      | Killed Grum
 11115 | D:9      | Found a snail-covered altar of Cheibriados.
 11259 | D:9      | Paralysed by a hornet for 3 turns
 11266 | D:9      | Paralysed by a hornet for 2 turns
 11268 | D:9      | Slain by a hornet

Illustrated notes

Levels and vault maps discovered:
D:1:      minmay_arrival_stone_box, layout_loops_ring,
          chequers_ecumenical_altar_lobes, st_stairs_14, serial_bayou_ford_a
D:2:      layout_loops_ring, grunt_decor_mini_mirrors, minmay_pentomino_q2,
          uniq_natasha, uniq_terence, uniq_jessica, uniq_robin
D:3:      minmay_angry_zag, layout_rooms, old_standard_altar,
          nicolae_overflow_hidden_temple, gup_sewer_entry_bowl, serial_aquarium,
          aquarium_bridge_long_joined [aquarium_subvault_wall,
          aquarium_subvault_balcony, aquarium_subvault_wall,
          aquarium_subvault_wall, aquarium_subvault_wall,
          aquarium_subvault_bridge], aquarium_window_1, aquarium_window_corner,
          aquarium_window_2, aquarium_view_2e, aquarium_balcony_3b
D:4:      layout_layer_cave, minivault_5
D:5:      kennysheep_slugbush, layout_basic, gammafunk_temple_overflow_statue,
          nicolae_overflow_crystal_walls, minivault_5,
          minmay_misc_feat_more_columns, uniq_duvessa
D:6:      layout_basic, lemuel_crystal_altar, minmay_temple_entry_tees,
          serial_shops, nicolae_shop_behind_doors, minmay_lizard_king,
          uniq_prince_ribbit1
D:7:      layout_basic, corexii_leaking_fountain
D:8:      layout_loops_ring, nicolae_ru_awakened_eye, lemuel_crystal_altar,
          serial_shops, shop_fountains, nicolae_ossuary_entry_false_entrances,
          uniq_maggie
D:9:      layout_big_octagon, evilmike_ruin_ashenzari,
          overflow_temple_1_default, kennysheep_slug_shrine, uniq_grum

Skill      XL: |  1  2  3  4  5  6  7  8  9 10 |
---------------+-------------------------------+-----
Axes           | 3 4 5 6 7 8 10 12 13 | 13.6
Shields        | 4 5 6 8 10 12 13 | 13.6
Fighting       | |  3.6
Armour         | |  3.6

Action                   |  1- 3 |  4- 6 |  7- 9 | 10-12 || total
-------------------------+-------+-------+-------+-------++-------
Melee: War axe           |    72 |   132 |   157 |   100 ||   461
       Headbutt          |    11 |    22 |    63 |    23 ||   119
       Broad axe         |       |       |   173 |       ||   173
Evoke: Wand              |       |       |     2 |       ||     2
  Use: Scroll            |       |     1 |     9 |     6 ||    16
       Potion            |       |     1 |     1 |     6 ||     8
 Stab: Paralysed         |       |       |       |     2 ||     2
Armor: Scale mail        |    38 |    54 |     1 |       ||    93
       Ring mail         |       |       |    83 |       ||    83
       Acid dragon scale |       |       |       |    31 ||    31
Dodge: Dodged            |    26 |    33 |   139 |    45 ||   243
Block: Kite shield       |    24 |    80 |   223 |    68 ||   395

Table legend: (Time is in decaauts)
 A = Elapsed time spent in this place.
 B = Non-inter-level travel time spent in this place.
 C = Inter-level travel time spent in this place.
 D = Time resting spent in this place.
 E = Time spent auto-exploring this place.
 F = Levels seen in this place.
 G = Mean time per level.
                   A        B        C        D        E       F      G
               +--------+--------+--------+--------+--------+-----+--------+
         Total |  11475 |  10964 |    511 |   2856 |   6064 |  11 | 1043.2 |
       Dungeon |  11135 |  10624 |    511 |   2856 |   5974 |   9 | 1237.2 |
         Sewer |    137 |    137 |      0 |      0 |     70 |   1 |  137.0 |
       Ossuary |    202 |    202 |      0 |      0 |     20 |   1 |  202.0 |
               +--------+--------+--------+--------+--------+-----+--------+

Top non-repeatable levels by time:
     D:6: 1802 daAuts
     D:5: 1622 daAuts
     D:4: 1457 daAuts
     D:2: 1356 daAuts
     D:8: 1180 daAuts
     D:7: 1102 daAuts
     D:1: 1054 daAuts
     D:9: 783 daAuts
     D:3: 775 daAuts
 Ossuary: 202 daAuts
   Sewer: 137 daAuts
